Map: Bastion of the Conclave

Players

FireYesBR

  • Race: Zerg Zerg
  • League: Silver
  • Spawn Location: 12:00

AlexPessekBR

  • Race: Zerg Zerg
  • Spawn Location: 12:00

DonArtiagaBR

  • Race: Terran Terran
  • Spawn Location: 0:00

Metasapien - Winner!

  • Race: Zerg Zerg
  • League: Gold
  • Spawn Location: 6:00

RoadWarrior - Winner!

  • Race: Protoss Protoss
  • Spawn Location: 6:00

CoolHand - Winner!

  • Race: Zerg Zerg
  • League: Silver
  • Spawn Location: 6:00

VOD

Have the link to the VOD?

Description

Time

  • Played on: Sept. 16, 2017, 4:08 p.m.
  • Length: 13:07
Show
View Real Time Build Order
Export as new Build Order

FireYesBR Zerg 

Build Orders: Pool First 

Get SALT Encoding   

  12  0:03  Drone  
  13  0:22  Drone  
  14  0:31  Overlord  
  14  0:37  Extractor  
  13  0:45  Spawning Pool  
  13  0:46  Drone x2  
  14  0:54  Drone  
  15  1:04  Drone  
  15  1:09  Drone  
  17  1:17  Evolution Chamber  
  16  1:27  Drone  
  17  1:38  Roach Warren  
  16  1:41  Queen  
  16  1:44  Drone  
  16  1:45  Drone  
  20  2:01  Drone  
  21  2:07  Extractor  
  21  2:08  Drone  
  21  2:11  Zerg Ground Armor Level 1  
  21  2:19  Spore Crawler  
  20  2:41  Drone x2  
  20  2:42  Hatchery  
  21  2:49  Overlord  
  21  2:57  Metabolic Boost  
  21  3:02  Drone  
  22  3:16  Roach  
  22  3:17  Roach x2  
  28  3:40  Roach  
  30  3:42  Overlord  
  30  3:58  Drone  
  30  3:59  Queen  
  33  4:04  Overlord  
  33  4:06  Roach, Zerg Missile Weapons Level 1  
  35  4:23  Drone x3  
  38  4:25  Drone  
  38  4:27  Roach  
  38  4:30  Roach  
  43  5:01  Drone x2  
  43  5:02  Drone  
  46  5:17  Roach  
  46  5:18  Roach x2  
  46  5:19  Overlord x2  
  52  5:21  Lair  
  52  5:30  Spore Crawler  
  52  5:32  Spore Crawler  
  50  5:37  Spine Crawler  
  50  5:41  Drone  
  50  5:43  Spine Crawler  
  50  5:44  Drone  
  50  5:46  Drone  
  50  5:49  Drone  
  52  6:15  Drone x5  
  52  6:18  Roach x2  
  61  6:19  Roach  
  61  6:20  Roach  
  65  6:41  Roach  
  65  6:43  Overlord  
  65  6:44  Overlord x2  
  67  7:12  Roach x4  
  67  7:13  Zergling x4  
  77  7:21  Hydralisk Den, Zerg Missile Weapons Level 2  
  76  7:27  Evolution Chamber  
  76  7:28  Drone x4  
  79  7:33  Hatchery  
  78  7:53  Overseer  
  77  8:09  Hydralisk x3  
  77  8:10  Hydralisk x3  
  78  8:56  Zerg Ground Armor Level 2  
  78  9:16  Burrow  
  78  9:19  Hydralisk x4  
  78  9:21  Roach x2  
  62  9:46  Zerg Melee Weapons Level 1  
  62  9:57  Hydralisk x3  
  68  10:00  Zergling x12  
  68  10:01  Drone x3  
  77  10:21  Drone  
  77  10:22  Queen  
  77  10:25  Overlord  
  77  10:26  Overlord x5  
  80  10:38  Extractor x2  
  78  10:58  Hydralisk x4  
  78  10:59  Hydralisk x2  
  78  11:01  Roach  
  78  11:02  Roach  
  78  11:03  Zergling x12  
  78  11:04  Zergling x6  
  103  11:21  Overseer x2  
  67  12:01  Hydralisk x4  
  67  12:03  Roach  
  67  12:04  Zergling x8  
  67  12:05  Zergling x10  
  86  12:19  Extractor  
  86  12:21  Extractor  
  76  12:37  Hydralisk x3  
  76  12:38  Hydralisk x4  
Show
View Real Time Build Order
Export as new Build Order

AlexPessekBR Zerg 

Build Orders: Pool First 

Get SALT Encoding   

  12  0:02  Drone  
  13  0:08  Drone  
  14  0:18  Overlord  
  14  0:38  Spawning Pool  
  13  0:45  Drone x2  
  13  0:48  Drone  
  16  0:57  Overlord  
  16  1:10  Drone  
  17  1:12  Extractor  
  17  1:18  Drone  
  17  1:26  Queen  
  17  1:29  Zergling x2  
  20  1:46  Zergling x2, Hatchery  
  20  1:57  Zergling x2  
  21  2:09  Drone  
  21  2:12  Drone  
  21  2:15  Lair  
  23  2:17  Extractor  
  22  2:28  Drone  
  23  2:33  Drone  
  24  2:43  Drone x3  
  27  3:08  Zergling x2  
  27  3:09  Zergling x10  
  27  3:12  Queen  
  35  3:14  Drone  
  36  3:20  Metabolic Boost  
  36  3:27  Evolution Chamber  
  36  3:29  Drone  
  36  3:36  Overlord  
  36  3:55  Extractor  
  36  3:56  Drone x3  
  36  3:57  Drone x3  
  41  4:06  Zerg Missile Weapons Level 1  
  41  4:21  Drone x2  
  43  4:28  Spire  
  43  4:30  Zergling x2  
  43  4:31  Zergling x2  
  44  4:34  Overlord  
  44  4:39  Overlord  
  44  4:50  Extractor  
  43  4:53  Drone x4  
  43  4:57  Overlord  
  47  5:06  Zergling x6  
  50  5:17  Drone  
  50  5:20  Drone x3  
  54  5:50  Zerg Flyer Weapons Level 1  
  54  5:53  Zergling x8  
  54  5:54  Zergling x10  
  63  6:36  Zerg Ground Armor Level 1  
  63  6:40  Mutalisk x2  
  63  6:41  Hatchery  
  63  6:43  Overlord  
  63  6:44  Overlord x4  
  66  7:10  Mutalisk x7  
  65  7:44  Zerg Flyer Armor Level 1  
  65  7:45  Overseer  
  65  8:04  Mutalisk x3  
  65  8:05  Mutalisk x2  
  51  8:50  Mutalisk x6  
  63  9:18  Hatchery  
  63  9:21  Mutalisk x2  
  64  10:11  Mutalisk x3  
  68  11:10  Mutalisk x2  
  68  11:11  Mutalisk x3  
  68  11:19  Overseer  
  68  11:26  Hatchery  
  67  11:37  Mutalisk x3  
  47  12:12  Mutalisk x6  
Show
View Real Time Build Order
Export as new Build Order

DonArtiagaBR Terran 

Build Orders:  

Get SALT Encoding   

  12  0:02  SCV  
  13  0:18  Supply Depot  
  13  0:19  SCV  
  14  0:28  Refinery  
  14  0:31  SCV  
  15  0:43  SCV  
  15  0:48  Barracks  
  16  0:55  SCV  
  17  1:07  SCV  
  18  1:16  Supply Depot  
  18  1:19  SCV  
  19  1:29  Barracks  
  19  1:41  SCV  
  20  1:48  Refinery  
  20  1:54  Reaper  
  21  1:59  Orbital Command  
  21  2:07  Supply Depot  
  21  2:11  Factory  
  22  2:22  Reaper  
  22  2:26  Reaper  
  23  2:38  SCV  
  24  2:51  SCV  
  25  2:55  Reaper  
  26  3:22  Command Center  
  26  3:29  Starport  
  26  3:31  Engineering Bay  
  26  3:39  Widow Mine  
  28  3:41  SCV  
  28  3:42  Barracks Tech Lab  
  28  3:44  Barracks Reactor  
  29  3:53  SCV  
  30  4:03  Terran Infantry Weapons Level 1  
  30  4:05  SCV  
  30  4:06  Stimpack  
  30  4:07  Marauder  
  30  4:08  Widow Mine  
  35  4:12  Medivac  
  37  4:19  SCV  
  38  4:31  SCV  
  39  4:43  SCV  
  40  5:09  Planetary Fortress  
  40  5:10  Armory  
  40  5:13  Refinery, Factory Tech Lab  
  40  5:14  Starport Reactor  
  40  5:27  SCV  
  41  5:33  Refinery  
  41  5:39  SCV  
  41  5:40  Barracks  
  41  5:42  Barracks  
  42  5:51  SCV  
  43  5:58  Terran Infantry Armor Level 1  
  43  6:00  SCV  
  43  6:03  SCV  
  45  6:12  SCV  
  45  6:13  Marauder, Marine x2  
  45  6:15  SCV  
  51  6:19  Siege Tank  
  54  6:55  SCV  
  54  6:56  SCV  
  54  7:00  Marine x2  
  54  7:18  Supply Depot  
  54  7:19  Supply Depot x2  
  54  7:20  Supply Depot x2  
  54  7:21  Supply Depot  
  54  7:39  Siege Tank, SCV, Marine  
  54  7:40  Marauder, SCV, Marine x3  
  65  7:46  Medivac  
  67  7:52  SCV x2  
  67  7:57  Marine  
  67  7:58  Marine x3  
  70  8:01  Medivac, Marauder  
  77  8:15  Marine  
  77  8:16  Medivac, Marine x3  
  83  8:23  Marauder  
  85  8:33  Marine  
  85  8:34  Marine x3  
  80  8:44  Marauder  
  82  8:50  Marine  
  82  8:51  Marine x3  
  85  9:00  Medivac x2  
  89  9:05  Marauder  
  89  9:08  Marine  
  89  9:09  Marine x3  
  86  9:26  Marine  
  86  9:27  Marauder, Marine x2  
  86  9:30  Medivac x2  
  83  9:48  Marauder  
  71  10:00  Medivac  
  66  10:09  Marauder  
  59  10:25  Marine x4  
  59  10:27  Terran Infantry Weapons Level 2  
  55  10:29  Medivac  
  55  10:30  Medivac  
  55  10:31  Marauder  
  57  10:43  Marine x4  
  61  10:52  Marauder, Command Center  
  61  10:53  Command Center  
  63  10:59  Viking  
  63  11:00  Viking, Marine  
  63  11:01  Marine x3  
  71  11:14  Marauder  
  73  11:18  Marine x2  
  73  11:19  Marine x2  
  73  11:24  Thor  
  83  11:35  Marauder  
  83  11:36  Marine x2  
  87  11:48  Marine x2  
  87  11:50  Medivac  
  87  11:54  Marine x2  
  91  11:56  Marauder  
  95  12:06  Marine x2  
  97  12:12  Marine  
  95  12:18  Marauder  
  89  12:39  Marauder  
Show
View Real Time Build Order
Export as new Build Order

Metasapien Zerg - Winner!

Build Orders: Pool First 

Get SALT Encoding   

  12  0:01  Drone  
  13  0:13  Overlord  
  13  0:18  Extractor  
  13  0:19  Drone  
  13  0:24  Drone  
  15  0:33  Drone  
  16  0:44  Spawning Pool  
  16  0:48  Drone  
  16  0:52  Drone  
  17  1:03  Drone  
  18  1:07  Extractor  
  17  1:22  Hatchery  
  16  1:30  Drone x3  
  19  1:37  Queen  
  21  1:45  Overlord  
  21  1:55  Drone  
  22  2:07  Zergling x2  
  23  2:14  Drone, Extractor  
  23  2:26  Spine Crawler  
  22  2:32  Drone, Roach Warren  
  22  2:34  Queen  
  22  2:35  Drone  
  25  2:38  Drone  
  26  2:50  Drone x3  
  26  2:51  Drone  
  30  3:01  Drone  
  31  3:06  Overlord  
  31  3:07  Drone x2  
  33  3:16  Roach  
  34  3:22  Spine Crawler  
  34  3:25  Roach  
  35  3:29  Drone  
  35  3:30  Metabolic Boost  
  36  3:44  Drone  
  36  3:46  Drone  
  36  3:47  Drone x2  
  40  3:53  Lair  
  40  3:59  Drone  
  41  4:05  Drone x3  
  41  4:07  Overlord x2  
  44  4:17  Extractor  
  43  4:21  Drone  
  43  4:22  Extractor  
  43  4:23  Overlord  
  43  4:28  Pneumatized Carapace  
  43  4:35  Roach x2  
  43  4:36  Roach x2  
  51  4:41  Roach x2  
  55  4:53  Zergling x6  
  55  4:54  Zergling x2  
  55  4:56  Roach x2  
  63  5:00  Glial Reconstitution  
  63  5:11  Hydralisk Den, Drone x2  
  63  5:12  Drone x3  
  67  5:15  Overlord  
  67  5:21  Overseer  
  67  5:39  Drone x2  
  67  5:40  Drone  
  67  5:41  Drone x3  
  73  5:44  Overlord  
  73  5:45  Overlord  
  73  5:47  Evolution Chamber  
  72  5:54  Infestation Pit  
  72  5:55  Hydralisk x2  
  75  6:11  Queen  
  77  6:26  Hydralisk  
  77  6:27  Roach, Hydralisk  
  77  6:28  Overlord x3  
  77  6:29  Swarm Host  
  86  6:41  Hydralisk  
  86  6:42  Hydralisk  
  86  6:43  Roach  
  92  6:51  Hatchery  
  91  7:28  Zerg Missile Weapons Level 1  
  91  7:29  Evolution Chamber  
  90  7:51  Overlord x3  
  90  7:53  Overlord x2  
  90  7:54  Hydralisk x2  
  90  7:55  Roach x3, Hydralisk x4  
  90  7:56  Roach x3, Hydralisk  
  116  8:03  Drone  
  116  8:04  Queen  
  119  8:14  Hive  
  119  8:15  Muscular Augments  
  56  8:54  Hydralisk x4  
  56  8:55  Roach x4  
  69  9:05  Roach, Hydralisk  
  73  9:18  Nydus Network  
  73  9:21  Zerg Ground Armor Level 1  
  73  9:22  Zerg Missile Weapons Level 2  
  73  9:24  Roach x2, Hydralisk x2  
  80  9:40  Drone x4  
  80  9:45  Spore Crawler  
  83  9:46  Spore Crawler  
  83  9:50  Spore Crawler  
  81  10:15  Roach, Hydralisk x4  
  81  10:16  Hydralisk, Roach  
  95  10:29  Nydus Canal  
  95  10:44  Ravager  
  95  10:45  Ravager x2  
  98  10:53  Hatchery  
  97  10:59  Extractor  
  96  11:18  Hydralisk x2  
  96  11:19  Hydralisk  
  96  11:20  Hydralisk x3  
  96  11:23  Overseer  
  108  12:03  Nydus Canal  
  108  12:10  Ravager  
  108  12:11  Ravager x3  
  108  12:13  Zergling x2  
  108  12:14  Zergling x20  
  115  12:55  Drone x2  
Show
View Real Time Build Order
Export as new Build Order

RoadWarrior Protoss - Winner!

Build Orders:  

Get SALT Encoding   

  12  0:02  Probe (Chrono Boost)  
  13  0:12  Probe (Chrono Boost)  
  14  0:23  Probe (Chrono Boost)  
  14  0:26  Pylon  
  15  0:38  Assimilator  
  15  0:44  Probe (Chrono Boost)  
  15  0:49  Gateway  
  16  0:55  Probe (Chrono Boost)  
  17  1:06  Probe (Chrono Boost)  
  17  1:10  Assimilator  
  18  1:16  Probe (Chrono Boost)  
  19  1:25  Pylon  
  19  1:27  Probe (Chrono Boost)  
  20  1:37  Probe (Chrono Boost)  
  21  1:40  Cybernetics Core  
  21  1:48  Forge  
  21  1:50  Probe (Chrono Boost)  
  22  2:00  Probe (Chrono Boost)  
  23  2:17  Mothership Core (Chrono Boost)  
  25  2:23  Photon Cannon  
  25  2:26  Photon Cannon  
  25  2:30  Pylon  
  25  2:48  Robotics Facility  
  25  2:59  Stargate  
  25  3:01  Stargate  
  25  3:02  Probe (Chrono Boost)  
  26  3:22  Photon Cannon  
  26  3:46  Void Ray  
  26  3:48  Void Ray  
  34  4:03  Observer  
  35  4:14  Nexus  
  35  4:19  Pylon  
  35  4:38  Probe (Chrono Boost)  
  36  4:46  Photon Cannon  
  36  4:48  Probe (Chrono Boost)  
  37  4:53  Photon Cannon  
  37  4:59  Probe (Chrono Boost)  
  38  5:04  Observer  
  38  5:07  Void Ray (Chrono Boost)  
  39  5:12  Probe  
  44  5:17  Assimilator  
  44  5:24  Probe, Pylon  
  44  5:25  Probe  
  46  5:35  Probe  
  46  5:36  Probe  
  48  5:46  Probe  
  48  5:48  Probe  
  50  5:55  Void Ray (Chrono Boost)  
  50  5:57  Probe  
  54  6:00  Probe  
  54  6:04  Observer  
  57  6:11  Probe  
  57  6:13  Probe  
  59  6:18  Assimilator  
  59  6:22  Probe  
  59  6:25  Probe  
  61  6:27  Photon Cannon  
  61  6:35  Void Ray (Chrono Boost)  
  61  6:36  Void Ray (Chrono Boost)  
  69  6:40  Protoss Air Weapons Level 1 (Chrono Boost)  
  69  7:06  Probe  
  70  7:12  Pylon  
  70  7:14  Pylon  
  70  7:28  Probe  
  70  7:29  Void Ray  
  70  7:30  Probe  
  76  7:37  Pylon  
  76  7:39  Probe  
  77  7:58  Void Ray  
  77  8:02  Warp Prism  
  83  8:12  Void Ray  
  83  8:16  Stargate  
  83  8:17  Stargate  
  83  8:18  Stargate  
  87  8:24  Pylon  
  87  8:26  Pylon  
  87  8:29  Pylon  
  87  8:46  Void Ray  
  91  8:55  Void Ray  
  95  9:29  Void Ray  
  99  10:07  Nexus  
  99  10:08  Pylon  
  99  10:09  Pylon  
  99  10:12  Pylon  
  99  10:15  Void Ray x2, Pylon  
  99  10:16  Void Ray x2  
  99  10:17  Assimilator  
  99  10:18  Pylon  
  115  10:22  Assimilator  
  115  10:24  Pylon  
  115  10:26  Void Ray  
  103  10:58  Void Ray  
  103  11:02  Void Ray x3  
  118  11:20  Probe  
  118  11:22  Probe  
  120  11:31  Probe  
  121  11:32  Pylon  
  121  11:34  Probe  
  122  11:41  Probe x2  
  122  11:46  Probe  
  125  11:52  Probe x2  
  127  11:58  Probe  
  128  12:02  Probe x2  
  130  12:10  Probe  
Show
View Real Time Build Order
Export as new Build Order

CoolHand Zerg - Winner!

Build Orders: Hatch First, Lurkers, Swarm Host 

Get SALT Encoding   

  12  0:03  Drone  
  13  0:13  Overlord  
  13  0:19  Drone  
  14  0:33  Drone x2  
  16  0:38  Drone  
  17  0:59  Hatchery  
  17  1:00  Drone  
  17  1:17  Spawning Pool  
  16  1:19  Extractor  
  15  1:26  Drone  
  15  1:27  Drone  
  15  1:28  Drone  
  18  1:39  Drone  
  19  1:50  Overlord  
  19  2:05  Drone, Queen  
  22  2:12  Drone x2, Queen  
  26  2:21  Drone  
  27  2:25  Drone  
  28  2:36  Drone x2  
  30  2:39  Spine Crawler  
  29  2:45  Lair, Extractor  
  29  2:50  Drone  
  29  2:58  Drone  
  29  2:59  Drone  
  29  3:00  Overlord  
  31  3:06  Metabolic Boost  
  31  3:10  Drone  
  31  3:11  Drone  
  33  3:15  Spine Crawler  
  33  3:17  Drone  
  33  3:22  Spore Crawler  
  33  3:26  Drone  
  33  3:27  Drone x2  
  35  3:32  Drone x3  
  38  3:35  Extractor  
  38  3:38  Overlord  
  37  3:47  Drone, Infestation Pit  
  37  3:50  Drone x2  
  37  3:53  Spore Crawler  
  38  4:00  Drone x2, Extractor  
  38  4:01  Drone x2  
  41  4:09  Overlord  
  41  4:13  Overlord  
  41  4:19  Drone x2  
  41  4:21  Drone x2  
  45  4:27  Drone x2  
  47  4:34  Overlord  
  46  4:46  Zergling x4  
  46  4:47  Zergling x2  
  46  4:52  Zergling x4  
  48  4:57  Spine Crawler  
  48  4:58  Queen  
  49  5:02  Drone  
  50  5:08  Swarm Host x4  
  50  5:11  Swarm Host  
  65  5:19  Drone  
  66  5:27  Drone  
  67  5:31  Swarm Host x3  
  76  5:49  Overlord x2  
  76  6:01  Overlord  
  76  6:02  Overlord  
  76  6:06  Hatchery  
  76  6:08  Drone  
  76  6:09  Drone  
  77  6:14  Swarm Host  
  77  6:15  Swarm Host x4  
  92  6:23  Hydralisk Den  
  91  6:30  Evolution Chamber  
  85  7:04  Muscular Augments  
  85  7:07  Zergling x10  
  85  7:08  Zergling x12  
  96  7:39  Spore Crawler  
  96  7:43  Spore Crawler  
  94  7:47  Spore Crawler  
  94  7:50  Spore Crawler  
  94  7:51  Drone x5  
  96  7:53  Queen  
  96  7:54  Drone x2  
  96  7:55  Drone x4  
  105  8:03  Drone  
  105  8:04  Drone x2  
  108  8:07  Spore Crawler  
  107  8:31  Hydralisk x3  
  107  8:34  Overlord x4  
  113  8:40  Spore Crawler  
  112  8:41  Extractor, Hydralisk  
  112  8:42  Overlord x3  
  112  8:43  Overlord  
  112  8:44  Zerg Missile Weapons Level 1  
  112  8:46  Lurker Den  
  113  9:01  Hydralisk x2  
  113  9:02  Hydralisk x5  
  127  9:12  Hydralisk x4  
  135  9:27  Zergling x6  
  135  9:28  Zergling x2  
  106  9:50  Hydralisk x5  
  106  9:51  Hydralisk  
  116  10:00  Hydralisk x4  
  123  10:21  Drone x2  
  123  10:22  Drone  
  125  10:33  Hydralisk x5  
  125  10:34  Hydralisk x3  
  141  10:36  Lurker x2  
  141  10:37  Lurker x2  
  145  11:08  Hydralisk  
  145  11:09  Hydralisk x5  
  157  11:20  Extractor  
  157  11:24  Drone x3  
  159  11:34  Hydralisk x3  
  144  11:53  Hydralisk x3  
  144  11:54  Hydralisk  
  112  12:02  Hydralisk x4  
  112  12:03  Spore Crawler, Hydralisk x3  
  125  12:24  Hydralisk x4  
  125  12:25  Hydralisk x4  
  129  12:37  Hydralisk x5  
Tags
 
Add a new tag
Caveats
  • Supply blocks, unpowered buildings, or Contaminate may cause inaccurate times.
  • Supply counts are checked every 10 seconds.